 Dungeon Crawl Stone Soup version 0.21.1-1-g345015f (webtiles) character file.

91 wojtek the Insei (level 4, -3/34 HPs)
             Began as a Gnoll Transmuter on Mar 14, 2018.
             Slain by Mirai's ghost (8 damage)
             ... on level 3 of the Dungeon.
             The game lasted 00:03:59 (2424 turns).

wojtek the Insei (Gnoll Transmuter)                 Turns: 2424, Time: 00:04:00

Health: -3/34      AC:  4    Str: 12    XL:     4   Next: 57%
Magic:  11/11      EV: 15    Int: 17    God:
Gold:   162        SH:  0    Dex: 15    Spells: 9/13 levels left

rFire    . . .     SeeInvis .   o - +0 hunting sling (freeze)
rCold    . . .     Gourm    .   (no shield)
rNeg     . . .     Faith    .   b - +0 robe
rPois    .         Spirit   .   (no helmet)
rElec    .         Reflect  .   (no cloak)
rCorr    .         Harm     .   i - +0 pair of gloves
MR       .....                  h - +0 pair of boots
Stlth    ++........             (no amulet)
HPRegen  0.11/turn              (no ring)
MPRegen  0.12/turn              (no ring)

@: no status effects
A: distributed training, fangs 1, strong nose
a: no special abilities


You were on level 3 of the Dungeon.
You were not hungry.

You visited 1 branch of the dungeon, and saw 3 of its levels.

You collected 162 gold pieces.

Inventory:

Hand Weapons
 e - a +0 hand axe
 o - a +0 hunting sling of freezing (weapon)
Missiles
 a - 24 arrows
 f - 7 tomahawks
 p - 55 stones (quivered)
 r - 41 sling bullets
Armour
 b - a +0 robe (worn)
 h - a +0 pair of boots (worn)
 i - a +0 pair of gloves (worn)
 l - a +0 chain mail
Magical Staves
 n - an uncursed staff of fire
Jewellery
 m - an uncursed ring of ice {unknown}
Scrolls
 g - 3 scrolls of identify {unknown}
 j - a scroll of noise {unknown}
 k - a scroll of teleportation {unknown}
 q - a scroll of random uselessness {unknown}
Books
 c - a book of Changes

   Spells                             Type                      Level
   a - Beastly Appendage              Transmutation                1
   b - Sticks to Snakes               Transmutation                2
   c - Spider Form                    Transmutation/Poison         3
   d - Ice Form                       Ice/Transmutation            4
   e - Blade Hands                    Transmutation                5
Comestibles
 d - 2 rations
 s - 2 chunks of flesh


   Skills:
 + Level 2.7 Fighting
 + Level 1.1 Short Blades
 + Level 1.1 Long Blades
 + Level 1.1 Axes
 + Level 1.1 Maces & Flails
 + Level 1.1 Polearms
 + Level 1.1 Staves
 + Level 1.1 Slings
 + Level 1.1 Bows
 + Level 1.1 Crossbows
 + Level 1.1 Throwing
 + Level 1.1 Armour
 + Level 4.6 Dodging
 + Level 1.1 Stealth
 + Level 1.1 Shields
 + Level 6.6 Unarmed Combat
 + Level 5.1 Spellcasting
 + Level 0.9 Conjurations
 + Level 0.9 Hexes
 + Level 0.9 Charms
 + Level 0.9 Summonings
 + Level 0.9 Necromancy
 + Level 0.9 Translocations
 + Level 3.8 Transmutations
 + Level 0.9 Fire Magic
 + Level 0.9 Ice Magic
 + Level 0.9 Air Magic
 + Level 0.9 Earth Magic
 + Level 0.9 Poison Magic
 + Level 1.2 Invocations
 + Level 1.1 Evocations


You had 9 spell levels left.
You knew the following spells:

 Your Spells              Type           Power        Failure   Level  Hunger
a - Beastly Appendage     Tmut           ###...       3%          1    None
s - Spider Form           Tmut/Pois      ##........   16%         3    ###....


Dungeon Overview and Level Annotations

Branches:
Dungeon (3/15)

Altars:
Kikubaaqudgha
Okawaru

Annotations:
D:3 Mirai's ghost, amateur DsFi


Innate Abilities, Weirdness & Mutations

Your experience applies equally to all skills.
You have very sharp teeth.
Your uncanny sense of smell can sniff out nearby items.


Message History

Mirai's ghost hits you but does no damage.
Firing (i - inventory. (,) - cycle):
p - 58 stones (quivered)
Press: ? - help, Shift-Dir - straight line, f/p - Mirai's ghost
Aim: Mirai's ghost (moderately damaged)
You shoot a stone. The stone closely misses Mirai's ghost.
Mirai's ghost misses you.
Firing (i - inventory. (,) - cycle):
p - 57 stones (quivered)
Press: ? - help, Shift-Dir - straight line, f/p - Mirai's ghost
Aim: Mirai's ghost (moderately damaged)
You shoot a stone. The stone closely misses Mirai's ghost.
Mirai's ghost hits you!
Firing (i - inventory. (,) - cycle):
p - 56 stones (quivered)
Press: ? - help, Shift-Dir - straight line, f/p - Mirai's ghost
Aim: Mirai's ghost (moderately damaged)
You shoot a stone. The stone barely misses Mirai's ghost.
Mirai's ghost hits you!
* * * LOW HITPOINT WARNING * * *
Mirai's ghost misses you. Mirai's ghost hits you!
You die...

.....$..#
........#
........# # #
........# .#.#
........# .....
........# #...#.
........####......
...?....SW........
......).##@.......
........##.###..##
........##.# .
.......W##+#
#.##..... ∆ #
#..(.. #..(...
#...... ∆ #....W..


You could see Mirai's ghost and an adder.

Vanquished Creatures
  Terence (D:1)
  A gnoll (D:1)
  3 worms
  6 bats
  A giant cockroach (D:2)
  14 goblins
  4 hobgoblins
  2 jackals (D:2)
  A frilled lizard (D:1)
  6 kobolds
  5 rats
44 creatures vanquished.

Notes
Turn   | Place    | Note
-------+----------+-------------------------------------------
     0 | D:1      | wojtek the Gnoll Transmuter began the quest for the Orb.
     0 | D:1      | Reached XP level 1. HP: 17/17 MP: 6/6
   545 | D:1      | Reached XP level 2. HP: 19/23 MP: 7/7
  1249 | D:2      | Reached XP level 3. HP: 28/28 MP: 9/9
  1254 | D:2      | Learned a level 3 spell: Spider Form
  1275 | D:2      | Found a faded altar of an unknown god.
  1325 | D:2      | Reached skill level 5 in Spellcasting
  1484 | D:2      | Reached skill level 1 in Invocations
  1610 | D:2      | Found an iron altar of Okawaru.
  1612 | D:2      | Found an ancient bone altar of Kikubaaqudgha.
  1810 | D:2      | Reached skill level 1 in Short Blades
  1810 | D:2      | Reached skill level 1 in Long Blades
  1810 | D:2      | Reached skill level 1 in Axes
  1810 | D:2      | Reached skill level 1 in Maces & Flails
  1810 | D:2      | Reached skill level 1 in Polearms
  1810 | D:2      | Reached skill level 1 in Staves
  1810 | D:2      | Reached skill level 1 in Slings
  1810 | D:2      | Reached skill level 1 in Bows
  1810 | D:2      | Reached skill level 1 in Crossbows
  1810 | D:2      | Reached skill level 1 in Throwing
  1810 | D:2      | Reached skill level 1 in Armour
  1810 | D:2      | Reached skill level 1 in Stealth
  1810 | D:2      | Reached skill level 1 in Shields
  1810 | D:2      | Reached skill level 1 in Evocations
  1827 | D:2      | Noticed Terence
  1933 | D:1      | Killed Terence
  1933 | D:1      | Reached XP level 4. HP: 18/34 MP: 3/11
  2398 | D:3      | Noticed Mirai's ghost (amateur DsFi)
  2424 | D:3      | Slain by Mirai's ghost

Skill      XL: |  1  2  3 |
---------------+----------+-----
Spellcasting   | 5 |  5.1
Invocations    | 1 |  1.2
Short Blades   | 1 |  1.1
Long Blades    | 1 |  1.1
Axes           | 1 |  1.1
Maces & Flails | 1 |  1.1
Polearms       | 1 |  1.1
Staves         | 1 |  1.1
Slings         | 1 |  1.1
Bows           | 1 |  1.1
Crossbows      | 1 |  1.1
Throwing       | 1 |  1.1
Armour         | 1 |  1.1
Stealth        | 1 |  1.1
Shields        | 1 |  1.1
Evocations     | 1 |  1.1
Fighting       | |  2.7
Dodging        | |  4.6
Unarmed Combat | |  6.6
Conjurations   | |  0.9
Hexes          | |  0.9
Charms         | |  0.9
Summonings     | |  0.9
Necromancy     | |  0.9
Translocations | |  0.9
Transmutations | |  3.8
Fire Magic     | |  0.9
Ice Magic      | |  0.9
Air Magic      | |  0.9
Earth Magic    | |  0.9
Poison Magic   | |  0.9

Action                   |  1- 3 |  4- 6 || total
-------------------------+-------+-------++-------
Melee: Unarmed           |   110 |    31 ||   141
       Bite              |    10 |       ||    10
       Punch             |     5 |     1 ||     6
 Fire: Hunting sling     |    15 |    11 ||    26
 Cast: Spider Form       |     1 |       ||     1
 Stab: Sleeping          |     2 |       ||     2
  Eat: Chunk             |     3 |     2 ||     5
Armor: Robe              |    16 |     7 ||    23
Dodge: Dodged            |    69 |    26 ||    95
